 Dungeon Crawl Stone Soup version 0.20.0-15-g7f486f2 (webtiles) character file.

5152 sagitran the Carver (level 10, -13/77 HPs)
             Began as a Demonspawn Gladiator on June 9, 2017.
             Was a Believer of Fedhas.
             Mangled by an orc warrior
             ... wielding a +0 dire flail
              (23 damage)
             ... on level 1 of the Orcish Mines.
             The game lasted 02:45:59 (7814 turns).

sagitran the Carver (Demonspawn Gladiator)          Turns: 7814, Time: 02:46:00

Health: -13/77     AC:  7    Str: 16    XL:     10   Next: 33%
Magic:  11/11      EV:  9    Int:  9    God:    Fedhas [**....]
Gold:   262        SH:  0    Dex: 28    Spells: 8/9 levels left

rFire    . . .     SeeInvis .   J - +2 long sword
rCold    . . .     Gourm    .   (no shield)
rNeg     . . .     Faith    +   p - +0 chain mail
rPois    +         Spirit   .   (helmet restricted)
rElec    .         Reflect  .   (no cloak)
rCorr    .         Harm     .   (no gloves)
MR       .....     Clarity  +   D - -7 pair of boots "Roisutob" {Regen+ Dex+6}
Stlth    ..........             F - amulet of faith
Regen    0.7/turn               o - +5 ring of dexterity
MPRegen  0.2/turn               a - ring of poison resistance

@: no status effects
A: claws 1, horns 1, icy blue scales 2, clarity, spiny 3, evolution 1
a: Fungal Bloom, Evolution, Sunlight, Renounce Religion


You were on level 1 of the Orcish Mines.
You worshipped Fedhas.
Fedhas was pleased with you.
You were not hungry.

You visited 3 branches of the dungeon, and saw 11 of its levels.
You also visited: Sewer.

You collected 556 gold pieces.
You spent 294 gold pieces at shops.

Inventory:

Hand Weapons
 b - a +1 great sword
 g - a +2 dagger of speed
 x - a +1 hunting sling of freezing
 J - a +2 long sword (weapon)
Missiles
 i - 123 sling bullets
 B - 4 steel tomahawks (quivered)
 C - 7 silver javelins
 G - 5 tomahawks
Armour
 p - a +0 chain mail (worn)
 q - a +2 robe of fire resistance
 D - the -7 pair of boots "Roisutob" (worn) {Regen+ Dex+6}
   (You bought it in a shop on level 5 of the Dungeon)

   It affects your dexterity (+6).
   It increases your rate of regeneration.
Magical Staves
 j - an uncursed staff of cold
Jewellery
 a - a ring of poison resistance (right claw)
 h - a +3 amulet of reflection
 k - an uncursed ring of protection from fire
 o - a +5 ring of dexterity (left claw)
 F - an amulet of faith (around neck)
Wands
 c - a wand of enslavement (20/24)
 d - a wand of flame (10/48)
 l - a wand of iceblast (6/15)
 m - a wand of flame (16/48)
 E - a wand of flame (21/48)
 M - a wand of acid (1/15)
 N - a wand of digging (10/24)
Scrolls
 u - 4 scrolls of recharging
 w - 3 scrolls of amnesia
 y - a scroll of fog
 A - 4 scrolls of teleportation
 L - 3 scrolls of remove curse
Potions
 e - 5 potions of haste
 r - a potion of magic
 t - a potion of ambrosia
 v - 4 potions of agility
 z - 2 potions of brilliance
Books
 K - a book of Misfortune

   Spells                             Type                      Level
   a - Confusing Touch                Hexes                        1
   b - Confuse                        Hexes                        3
   c - Gell's Gravitas                Translocation                3
   d - Petrify                        Transmutation/Earth          4
   e - Metabolic Englaciation         Hexes/Ice                    5
   f - Yara's Violent Unravelling     Hexes/Transmutation          5
Comestibles
 f - 4 bread rations
 n - 3 meat rations
 s - 3 royal jellies


   Skills:
 + Level 6.4 Fighting
 + Level 0.5(6.3) Short Blades
 + Level 10.1 Long Blades
 + Level 3.6(4.1) Slings
 + Level 2.8(3.7) Throwing
 + Level 5.8 Armour
 + Level 3.8 Dodging
 + Level 2.2 Stealth
 + Level 0.1 Spellcasting
 + Level 1.6 Invocations
 + Level 0.2 Evocations


You had 8 spell levels left.
You knew the following spells:

 Your Spells              Type           Power        Failure   Level  Hunger
a - Confusing Touch       Hex            #.....       99%         1    ##.....


Dungeon Overview and Level Annotations

Branches:
Dungeon (9/15)             Temple (1/1) D:6             Orc (1/2) D:9
   Lair: D:8-11

Altars:
Ashenzari
Cheibriados
Dithmenos
Elyvilon
Fedhas
Gozag
Hepliaklqana
Kikubaaqudgha
Makhleb
Nemelex Xobeh
Okawaru
Qazlal
Ru
Sif Muna
Trog
Uskayaw
Vehumet
Xom
Yredelemnul
Zin
The Shining One

Shops:
D:5 [   D:9 *

Annotations:
Orc:1 Fannar


Innate Abilities, Weirdness & Mutations

You are mostly covered in icy blue scales. (AC +3)
You are completely covered in sharp spines.
You have sharp fingernails.
You have a pair of small horns on your head.
You possess an exceptional clarity of mind.
You evolve.


Message History

The troll is engulfed in a cloud of spores!
The orc warrior hits your wandering mushroom with a dire flail.
The orc hits your wandering mushroom but does no damage.
The ogre closely misses the ice beast.
The ogre seems less confused.
The orc warrior hits you with a glaive.
* * * LOW HITPOINT WARNING * * *
Your wandering mushroom releases spores at the ogre!
The ogre is engulfed in a cloud of spores!
The ogre appears confused.
The chaos spawn gores your wandering mushroom but does no damage.
The troll is struck by your spines. The troll barely misses you.
The troll claws you.
* * * LOW HITPOINT WARNING * * *
The troll claws you but does no damage.
Your wandering mushroom releases spores at the troll!
The troll is engulfed in a cloud of spores!
Fannar casts a spell.
The orc warrior hits you with a dire flail!!
You die...
Fedhas appreciates your contribution to the ecosystem.

............##
.............. #
....$......(.#..
...............
.........(.....
#...Yo.......
..##Y..oTf.#....
......oO@f......
......eoff......
#....4o4[##....#
.........# ....
.......... ...
........##. ..
......... .. #
#.......# ##
.$......#


You could see Fannar, a hellwing, a troll, a chaos spawn, an orc sorcerer, 2 orc
warriors, 2 ice beasts, an ogre (confused), an orc priest, an orc and 4 friendly
wandering mushrooms.

Vanquished Creatures
  A two-headed ogre (D:5)
  The ghost of ThereIsNoGod the Basher, a novice GrFi of Trog (D:6)
  Prince Ribbit (D:5)
  Sigmund (D:5)
  The ghost of theemperora the Ducker, an amateur SpWr of Lugonu (D:7)
  A hungry ghost (D:7)
  Edmund (D:5)
  2 orc warriors (D:8)
  A phantom (D:4)
  An ice beast (D:7)
  7 ogres
  2 centaurs (D:7)
  2 big kobolds
  4 bullfrogs
  3 scorpions
  2 wights (D:9)
  A wandering mushroom (D:8)
  3 crimson imps
  A centaur zombie (D:5)
  3 orc priests
  A jelly (D:8)
  3 centaur skeletons
  5 hounds
  5 worker ants
  2 iguanas
  5 orc wizards
  A hound skeleton (D:4)
  2 worker ant zombies (D:5)
  13 adders
  4 shadow imps
  An adder skeleton (D:4)
  A worm (D:5)
  4 dart slugs
  3 leopard geckos
  29 orcs
  5 giant cockroaches
  6 hobgoblins
  18 jackals
  31 kobolds
  6 quokkas
  9 ball pythons
  7 bats
  13 frilled lizards
  6 goblins
  A leopard gecko skeleton (D:5)
  2 quokka skeletons
  A quokka zombie (D:5)
  7 rats
  6 plants (Sewer)
236 creatures vanquished.

Vanquished Creatures (collateral kills)
  A troll (D:9)
  A necrophage (D:9)
  A centaur (D:9)
  3 wights (D:9)
  A bullfrog zombie (D:9)
  An orc wizard (Orc:1)
  A bullfrog skeleton (D:9)
  7 orcs
16 creatures vanquished.

Vanquished Creatures (others)
  3 wandering mushrooms
  75 toadstools
78 creatures vanquished.

Grand Total: 330 creatures vanquished

Notes
Turn   | Place    | Note
-------+----------+-------------------------------------------
     0 | D:1      | sagitran the Demonspawn Gladiator began the quest for the Orb.
     0 | D:1      | Reached XP level 1. HP: 16/16 MP: 1/1
   141 | D:1      | Reached skill level 3 in Long Blades
   142 | D:1      | Gained mutation: You are partially covered in icy blue scales. (AC +2) [demonic ancestry]
   142 | D:1      | Reached XP level 2. HP: 18/22 MP: 2/2
   792 | D:2      | Gained mutation: You are partially covered in sharp spines. [demonic ancestry]
   792 | D:2      | Reached XP level 3. HP: 28/28 MP: 3/3
  1235 | D:2      | Reached skill level 1 in Slings
  1811 | D:3      | Reached XP level 4. HP: 34/34 MP: 4/4
  2055 | D:3      | Reached skill level 1 in Armour
  2325 | D:4      | Noticed a phantom
  2370 | D:4      | Killed a phantom
  2370 | D:4      | Gained mutation: You are mostly covered in sharp spines. [demonic ancestry]
  2370 | D:4      | Reached XP level 5. HP: 35/39 MP: 5/5
  2406 | D:4      | Noticed an ogre
  2415 | D:4      | Killed an ogre
  2415 | D:4      | Reached skill level 4 in Long Blades
  2415 | D:4      | Reached XP level 6. HP: 46/46 MP: 6/6
  2733 | D:4      | Reached skill level 1 in Stealth
  3126 | D:5      | Entered Level 5 of the Dungeon
  3170 | D:5      | Reached skill level 5 in Long Blades
  3170 | D:5      | Reached XP level 7. HP: 52/52 MP: 7/7
  3261 | D:5      | Found a glowing drain.
  3275 | Sewer    | Entered a sewer
  3786 | D:5      | Found Tocasiup's Antique Armour Emporium.
  3990 | D:5      | Noticed Sigmund
  3992 | D:5      | Noticed Edmund
  4012 | D:5      | Killed Edmund
  4012 | D:5      | Reached skill level 6 in Long Blades
  4015 | D:5      | Reached XP level 8. HP: 27/60 MP: 8/8
  4023 | D:5      | Killed Sigmund
  4106 | D:5      | Noticed a two-headed ogre
  4120 | D:5      | Killed a two-headed ogre
  4120 | D:5      | Reached skill level 7 in Long Blades
  4316 | D:5      | Noticed Prince Ribbit
  4327 | D:5      | Killed Prince Ribbit
  4327 | D:5      | Reached skill level 8 in Long Blades
  4327 | D:5      | Gained mutation: You are mostly covered in icy blue scales. (AC +3) [demonic ancestry]
  4327 | D:5      | Reached XP level 9. HP: 60/66 MP: 9/9
  4362 | D:5      | Found a blossoming altar of Fedhas.
  4368 | D:5      | Became a worshipper of Fedhas Madash
  4720 | D:6      | Found a staircase to the Ecumenical Temple.
  4729 | Temple   | Entered the Ecumenical Temple
  5367 | D:5      | Bought a pair of heavily runed boots for 294 gold pieces
  5380 | D:5      | Identified the cursed -7 pair of boots "Roisutob" {Regen+ Dex+6} (You bought it in a shop on level 5 of the Dungeon)
  5505 | D:6      | Noticed ThereIsNoGod's ghost (novice GrFi)
  5560 | D:6      | Killed ThereIsNoGod's ghost
  5560 | D:6      | Reached skill level 5 in Fighting
  5759 | D:6      | Found a sacrificial altar of Ru.
  6028 | D:7      | Reached * piety under Fedhas
  6100 | D:7      | Reached skill level 9 in Long Blades
  6115 | D:7      | Reached skill level 5 in Armour
  6321 | D:7      | Noticed theemperora's ghost (amateur SpWr)
  6353 | D:7      | Killed theemperora's ghost
  6377 | D:7      | Found a stormy altar of Qazlal.
  6630 | D:8      | Learned a level 1 spell: Confusing Touch
  6711 | D:8      | Gained mutation: You are completely covered in sharp spines. [demonic ancestry]
  6711 | D:8      | Reached XP level 10. HP: 39/76 MP: 10/10
  6724 | D:8      | Reached skill level 1 in Invocations
  6733 | D:8      | Gained mutation: You have sharp fingernails. [potion of mutation]
  6733 | D:8      | Gained mutation: You possess an exceptional clarity of mind. [potion of mutation]
  6733 | D:8      | Gained mutation: You evolve. [potion of mutation]
  6733 | D:8      | Gained mutation: You have a pair of small horns on your head. [potion of mutation]
  6741 | D:8      | Reached ** piety under Fedhas
  7254 | D:9      | Found a staircase to the Orcish Mines.
  7305 | D:9      | Found Biulliv's General Store.
  7398 | D:9      | Reached skill level 10 in Long Blades
  7709 | Orc:1    | Entered Level 1 of the Orcish Mines
  7716 | Orc:1    | Noticed an orc sorcerer
  7717 | Orc:1    | Noticed Fannar
  7814 | Orc:1    | Mangled by an orc warrior

Skill      XL: |  1  2  3  4  5  6  7  8  9 10 |
---------------+-------------------------------+-----
Long Blades    | 3 4 5 6 8 9 10 | 10.1
Slings         | 1 2 3 |  3.6
Dodging        | 3 |  3.8
Armour         | 1 2 3 4 5 |  5.8
Fighting       | 3 4 6 |  6.4
Stealth        | 1 2 |  2.2
Throwing       | 2 |  2.8
Invocations    | 1 |  1.6
Short Blades   | |  0.5
Spellcasting   | |  0.1
Evocations     | |  0.2

Action                   |  1- 3 |  4- 6 |  7- 9 | 10-12 || total
-------------------------+-------+-------+-------+-------++-------
Melee: Long sword        |    75 |    34 |       |    15 ||   124
       Dagger            |    16 |    12 |       |     1 ||    29
       Great sword       |       |    41 |   273 |    43 ||   357
       Hunting sling     |       |     1 |       |       ||     1
       Headbutt          |       |       |       |    12 ||    12
 Fire: Hunting sling     |    28 |    11 |     6 |     8 ||    53
Throw: Throwing net      |       |     3 |     1 |       ||     4
       Tomahawk          |       |       |    13 |       ||    13
       Javelin           |       |       |     3 |       ||     3
Invok: Fungal Bloom      |       |       |    14 |    13 ||    27
       Evolution         |       |       |     3 |     6 ||     9
Evoke: Wand              |       |       |     4 |       ||     4
  Use: Potion            |     2 |     1 |     7 |     5 ||    15
       Scroll            |     8 |     8 |     6 |     2 ||    24
 Stab: Held in net/web   |       |     1 |       |       ||     1
       Invisible         |       |       |       |     3 ||     3
       Confused          |       |       |       |     2 ||     2
  Eat: Chunk             |     3 |     2 |     3 |       ||     8
       Royal jelly       |       |     1 |     1 |       ||     2
       Bread ration      |       |       |     3 |       ||     3
Armor: Leather armour    |    14 |       |       |       ||    14
       Chain mail        |    30 |    62 |    96 |    37 ||   225
Dodge: Dodged            |    34 |    30 |    81 |    42 ||   187
Block: Other             |     9 |    13 |    20 |       ||    42
       Reflection        |     2 |       |       |       ||     2
       Rpst.: Long sword |    11 |     1 |       |     1 ||    13
       Great sword       |       |     9 |    23 |    11 ||    43
